 Dungeon Crawl Stone Soup version 0.24.1 (webtiles) character file.

Game seed: 6931204180138989036, levelgen mode: deterministic

422 Peloso the Shield-Bearer (level 6, -2/53 HPs)
             Began as a Minotaur Fighter on Apr 7, 2020.
             Slain by Sigmund
             ... wielding a +0 scythe
              (8 damage)
             ... on level 3 of the Dungeon.
             The game lasted 00:05:05 (1916 turns).

Peloso the Shield-Bearer (Minotaur Fighter)         Turns: 1916, Time: 00:05:05

Health: -2/53      AC: 10    Str: 21    XL:     6   Next: 63%
Magic:  5/5        EV:  6    Int:  5    God:
Gold:   76         SH:  0    Dex: 11    Spells: 5/5 levels left

rFire    + . .     SeeInvis .   a - +0 long sword
rCold    + . .     Gourm    .   c - +0 shield
rNeg     . . .     Faith    .   q - +0 chain mail
rPois    +         Spirit   .   (helmet restricted)
rElec    +         Reflect  .   l - +0 cloak
rCorr    +         Harm     .   (no gloves)
MR       .....                  (no boots)
Stlth    ..........             (no amulet)
HPRegen  0.17/turn              (no ring)
MPRegen  0.09/turn              (no ring)

@: confused, resistant
A: retaliatory headbutt, horns 2
a: no special abilities


You were on level 3 of the Dungeon.
You were not hungry.

You visited 1 branch of the dungeon, and saw 3 of its levels.

You collected 76 gold pieces.

Inventory:

Hand Weapons
 a - a +0 long sword (weapon)
Armour
 b - a +0 scale mail
 c - a +0 shield (worn)
 l - a +0 cloak (worn)
 q - a +0 chain mail (worn)
Scrolls
 e - 4 scrolls of teleportation {unknown}
 g - 2 scrolls of blinking {unknown}
 h - a scroll of identify {unknown}
 i - 2 scrolls of enchant armour {unknown}
 j - 2 scrolls of amnesia {unknown}
 m - a scroll of fear {unknown}
 n - a scroll of fog {unknown}
Potions
 d - 3 potions of might
Comestibles
 f - 9 rations
 p - a chunk of flesh


   Skills:
 + Level 4.7 Fighting
 + Level 5.2 Long Blades
 + Level 4.8 Armour
 + Level 2.0 Dodging
 + Level 5.7 Shields


You had 5 spell levels left.
You didn't know any spells.
Your spell library was empty.

Dungeon Overview and Level Annotations

Branches:
Dungeon (3/15)

Altars:

Annotations:
D:3 Sigmund


Innate Abilities, Weirdness & Mutations

You reflexively headbutt those who attack you in melee.
You have a pair of horns on your head.


Message History

* * * LOW HITPOINT WARNING * * *
You hit something but do no damage. Something hits you but does no damage.
You hit something but do no damage.
You hear some strange, mumbled words.
You are confused.
Something hits you.
* * * LOW HITPOINT WARNING * * *
You bump into the rock wall.
Something hits you.
* * * LOW HITPOINT WARNING * * *
You closely miss something.
You hear some strange, mumbled words.
Something tries to affect you, but you resist.
Something hits you.
* * * LOW HITPOINT WARNING * * *
Sigmund appears from thin air!
Reactivating autopickup.
Sigmund hits you from afar with a +0 scythe.
* * * LOW HITPOINT WARNING * * *
Sigmund hits you from afar with a +0 scythe!
You die...

#.# #.# ### #.# ### ... ...
..# #.# #.# #.# #.# #.# #.#
#.###.###.# .#
.##.#.....#†###########...#
.............?..@.@........
.##.#####........)#.###.<.#
..#.# #.#.#####.#.# #
..#.#######.## #.#.#
....(......... ....# #.#
.....)...(.... ...... ... #
..#.#######.#####.#.# #.#
.# ..#.#######.# #.#.# #.#
#.. ........... ....#
####......


You could see Sigmund.

Vanquished Creatures
  A sky beast (D:3)
  An orc priest (D:3)
  A jelly (D:3)
  Crazy Yiuf (D:3)
  3 orc wizards (D:3)
  5 adders
  2 oozes (D:1)
  6 worms
  A dart slug (D:1)
  A leopard gecko (D:1)
  7 orcs (D:3)
  8 giant cockroaches
  14 goblins
  7 hobgoblins (D:1)
  6 jackals
  8 kobolds
  2 quokkas (D:3)
  3 ball pythons
  9 bats
  2 frilled lizards
  7 rats
95 creatures vanquished.

Notes
Turn   | Place    | Note
-------+----------+-------------------------------------------
     0 | D:1      | Peloso the Minotaur Fighter began the quest for the Orb.
     0 | D:1      | Reached XP level 1. HP: 19/19 MP: 0/0
    42 | D:1      | Reached XP level 2. HP: 23/27 MP: 1/1
   185 | D:1      | Reached XP level 3. HP: 33/33 MP: 2/2
   859 | D:2      | Reached XP level 4. HP: 33/40 MP: 3/3
  1276 | D:3      | Noticed Sigmund
  1286 | D:2      | Reached skill level 1 in Dodging
  1352 | D:3      | Noticed a sky beast
  1357 | D:3      | Killed a sky beast
  1357 | D:3      | Reached skill level 5 in Shields
  1357 | D:3      | Reached XP level 5. HP: 45/47 MP: 4/4
  1464 | D:3      | Found a runed translucent door.
  1465 | D:3      | Noticed Crazy Yiuf
  1476 | D:3      | Killed Crazy Yiuf
  1476 | D:3      | Reached XP level 6. HP: 19/53 MP: 5/5
  1554 | D:3      | Reached skill level 5 in Long Blades
  1916 | D:3      | Slain by Sigmund

Levels and vault maps discovered:
D:1:      erik_arrival_gehennom, layout_basic
D:2:      layout_rooms, minmay_quantized
D:3:      layout_basic, lemuel_coloured_pillars_altar, uniq_sigmund, uniq_robin,
          uniq_crazy_yiuf_cottage, uniq_jessica

Skill      XL: |  1  2  3  4  5  6 |
---------------+-------------------+-----
Shields        | 4 5 |  5.7
Fighting       | 4 |  4.7
Armour         | 4 |  4.8
Long Blades    | 3 4 5 |  5.2
Dodging        | 1 2 |  2.0

Action                   |  1- 3 |  4- 6 || total
-------------------------+-------+-------++-------
Melee: Long sword        |    99 |   141 ||   240
       Headbutt          |    15 |    26 ||    41
  Use: Potion            |       |     4 ||     4
  Eat: Chunk             |       |     4 ||     4
Armor: Scale mail        |    44 |    44 ||    88
       Chain mail        |       |     8 ||     8
Dodge: Dodged            |    39 |    52 ||    91
Block: Shield            |    63 |    73 ||   136
       Rpst.: Long sword |    14 |    13 ||    27
